 Dungeon Crawl Stone Soup version 0.26-a0-651-gb41185065b (webtiles) character file.

Game seed: 18209050657773440906

1302 Irenicus the Geomancer (level 8, -1/62 HPs)
             Began as a Deep Dwarf Earth Elementalist on Oct 27, 2020.
             Was an Initiate of Makhleb.
             Killed from afar by an electric eel (7 damage)
             ... with a bolt of electricity
             ... on level 5 of the Dungeon.
             The game lasted 00:15:55 (2708 turns).

Irenicus the Geomancer (DDEE)                       Turns: 2708, Time: 00:15:56

Health: -1/62      AC:  8    Str: 13    XL:     8   Next: 31%
Magic:  10/10      EV: 11    Int: 17    God:    Makhleb [......]
Gold:   227        SH:  0    Dex: 13    Spells: 2/10 levels left

rFire    + . .     SeeInvis .   w - staff of poison {rPois}
rCold    . . .     Faith    .   (no shield)
rNeg     + . .     Spirit   .   y - +0 ring mail {rF+}
rPois    +         Reflect  .   (no helmet)
rElec    .         Harm     .   k - +1 cloak {Stlth+}
rCorr    .         Rampage  .   (no gloves)
MR       +....                  l - +0 pair of boots
Stlth    +.........             (no amulet)
HPRegen  0.00/turn              o - ring of positive energy {rN+}
MPRegen  0.12/turn              n - ring of flight {+Fly, !d}

@: non-regenerating
A: damage resistance, heal wounds, sense surroundings 1, no regeneration
a: Heal Wounds, Renounce Religion, Evoke Flight


You were on level 5 of the Dungeon.
You worshipped Makhleb.
Makhleb was noncommittal.
You visited 2 branches of the dungeon, and saw 6 of its levels.
You also visited: Sewer.

You collected 227 gold pieces.

Inventory:

Hand Weapons
 u - a +2 short sword of protection
   (You took it off a kobold in a sewer)
Missiles
 b - 48 stones (quivered)
Armour
 k - a +1 cloak of stealth (worn)
   (You found it on level 2 of the Dungeon)
 l - a +0 pair of boots (worn)
   (You found it on level 2 of the Dungeon)
 s - a +0 pair of gloves
   (You found it on level 5 of the Dungeon)
 t - a +0 buckler
   (You found it on level 3 of the Dungeon)
 y - a +0 ring mail of fire resistance (worn)
   (You took it off an orc on level 4 of the Dungeon)
Magical Staves
 w - an uncursed staff of poison (weapon) {rPois}
   (You found it on level 4 of the Dungeon)
Jewellery
 n - a ring of flight (right hand) {+Fly, !d}
   (You took it off Terence on level 2 of the Dungeon)
 o - a ring of positive energy (left hand) {rN+}
   (You found it on level 3 of the Dungeon)
Wands
 v - a wand of paralysis (11)
   (You found it on level 5 of the Dungeon)
 z - a wand of flame (34)
   (You found it on level 5 of the Dungeon)
Scrolls
 a - a scroll of enchant armour {unknown}
 c - a scroll of magic mapping {unknown}
 d - 4 scrolls of identify
 f - 2 scrolls of remove curse {unknown}
 g - a scroll of fog {unknown}
 h - 3 scrolls of enchant weapon {unknown}
 i - 3 scrolls of fear {unknown}
 p - 4 scrolls of teleportation {unknown}
 r - a scroll of blinking {unknown}
 x - a scroll of immolation {unknown}
Potions
 e - a potion of flight
 j - 2 potions of berserk rage {!q}
 m - 2 potions of cancellation
 q - a potion of resistance


   Skills:
 - Level 2.1 Dodging
 - Level 2.4 Stealth
 - Level 1.7 Spellcasting
 - Level 0.8 Transmutations
 + Level 13.0 Earth Magic
 + Level 2.3 Evocations


You had 2 spell levels left.
You knew the following spells:

 Your Spells              Type           Power        Failure   Level
a - Sandblast             Erth           #####.       1%          1
w - Passwall              Tmut/Erth      ####....     3%          2
z - Lee's Rapid Deconstr  Erth           #####.....   5%          5

Your spell library contained the following spells:

 Spells                   Type           Power        Failure   Level
 Corona                   Hex            #......      41%         1
 Shock                    Conj/Air       #...         41%         1
 Swiftness                Air            #.......     54%         2
 Stone Arrow              Conj/Erth      ###...       9%          3
 Petrify                  Tmut/Erth      ####....     26%         4
 Static Discharge         Conj/Air       #.......     78%         3
 Airstrike                Air            #.........   99%         4
 Lightning Bolt           Conj/Air       #.........   100%        5


Dungeon Overview and Level Annotations

Branches:
Dungeon (5/15)             Temple (1/1) D:4           Sewer (visited)

Altars:
Cheibriados
Dithmenos
Hepliaklqana
Kikubaaqudgha
Makhleb
Nemelex Xobeh
Okawaru
Sif Muna
Uskayaw
Zin
The Shining One


Innate Abilities, Weirdness & Mutations

You are resistant to damage.
You can heal yourself by infusing magical energy.
You passively map a small area around you.
You do not regenerate.


Message History

The jelly is lightly wounded.
b - 52 stones You now have 9/10 mp.
Casting: Sandblast (safe; 1% risk of failure)
Confirm with . or Enter, or press ? or * to list all spells.
Aiming: Sandblast (safe; 1% risk of failure)
Press: ? - help, Shift-Dir - straight line, f/p - jelly
Aim: a jelly (lightly wounded)
The blast of sand hits the jelly!!
The jelly is almost dead.
b - 51 stones The jelly barely misses you.
You now have 8/10 mp.
Casting: Sandblast (safe; 1% risk of failure)
Confirm with . or Enter, or press ? or * to list all spells.
Aiming: Sandblast (safe; 1% risk of failure)
Press: ? - help, Shift-Dir - straight line, f/p - jelly
Aim: a jelly (almost dead)
The blast of sand hits the jelly!!
You kill the jelly!
Makhleb accepts your kill.
Your Evocations skill increases to level 1!
b - 50 stones You now have 7/10 mp.
You now have 199 gold pieces (gained 11).
You see here a wand of paralysis (11).
You now have 207 gold pieces (gained 8).
You see here a wand of paralysis (11).
There are no items here.
You see here a wand of paralysis (11).
v - a wand of paralysis (11) Magic restored.
You now have 217 gold pieces (gained 10).
Found a glowing quarterstaff.
MP restored: 10 You now have 227 gold pieces (gained 10).
A centaur comes into view.
The centaur wields a +0 shortbow.
The centaur shoots an arrow.
The arrow hits you.
The centaur shoots an arrow.
The arrow hits you but does no damage.
You see here an arrow.
The centaur shoots an arrow.
The arrow hits you.
You see here an arrow.
Casting: Sandblast (safe; 1% risk of failure)
Confirm with . or Enter, or press ? or * to list all spells.
You can't see any susceptible monsters within range! (Use Z to cast anyway.) Unknown command.
The centaur shoots an arrow.
The arrow barely misses you.
You see here 12 bolts.
Casting: Sandblast (safe; 1% risk of failure)
Confirm with . or Enter, or press ? or * to list all spells.
Aiming: Sandblast (safe; 1% risk of failure)
Press: ? - help, Shift-Dir - straight line, f - centaur
Aim: a centaur, wielding a +0 shortbow and quivering 15 arrows The blast of sand hits the centaur!
The centaur is heavily wounded.
b - 49 stones The centaur shoots an arrow.
The arrow barely misses you.
You now have 9/10 mp.
Casting: Sandblast (safe; 1% risk of failure)
Confirm with . or Enter, or press ? or * to list all spells.
Aiming: Sandblast (safe; 1% risk of failure)
Press: ? - help, Shift-Dir - straight line, f/p - centaur
Aim: a centaur, wielding a +0 shortbow and quivering 14 arrows (heavily wounded)
The blast of sand hits the centaur!
You kill the centaur!
Makhleb accepts your kill.
Your Earth Magic skill increases to level 13!
Your Evocations skill increases to level 2!
b - 48 stones You now have 8/10 mp.
Things that are here:
a +0 shortbow; 14 arrows; a centaur corpse
There is a transporter here.
You enter the transporter and appear at another place.
z - a wand of flame (35) (gained 19 charges) MP restored: 10
Okay, then.
You feel much better.
You regained 22 hp, and now have 33/62 hp.
You open the door.
The electric eel shoots out a bolt of lightning at you!
The bolt of electricity hits you! x2
* * * LOW HITPOINT WARNING * * *
You take 18 damage, and have 15/62 hp.
MASSIVE DAMAGE!!
Evoke which item? (* to show all) (? for menu, Esc to quit)
Aiming: Throw Flame
Press: ? - help, Shift-Dir - straight line, f - electric eel
Aim: an electric eel The puff of flame hits the electric eel!
The electric eel is heavily wounded.
The electric eel is engulfed in a cloud of scalding steam.
The electric eel shoots out a bolt of lightning at you!
The bolt of electricity hits you!
* * * LOW HITPOINT WARNING * * *
The bolt of electricity hits the plant!
The plant begins to die.
The bolt of electricity hits the plant!
The electric eel shoots out a bolt of lightning at you!
The bolt of electricity hits you. The bolt of electricity hits you!
You die...

#.........#
#.#≈PP≈≈#.#
##.......
#.#≈≈≈≈≈#.#
#.......
#.#≈≈⌠≈≈#.#
#.......
#.#≈≈P≈≈#.# ,
#.......
#.#;...≈#.#
*#.......
#.#;...;#.# ,
....###.#
#.###'###.# .....
#.#
#.#P..@P#.#*,.....*
#.# #.#8.©.8#.#*
.... #.#
#.#######.# ,, #.#
#....©....# #.#
####...#### , #.#
##.## * * #.# #.#
#.# #.# ###.# #.#
#....


You could see 3 electric eels.

Vanquished Creatures
  Sigmund (D:2)
  Purgy (Sewer)
  A sky beast (D:5)
  An ogre (D:5)
  2 centaurs (D:5)
  Blork the orc (D:5)
  A jelly (D:5)
  3 hounds
  A bullfrog skeleton (D:4)
  3 centaur skeletons
  Jessica (D:2)
  Terence (D:2)
  An iguana (D:4)
  2 orc wizards (D:4)
  3 worker ants
  6 adders
  3 gnolls (D:5)
  A white imp (D:5)
  An ooze (D:2)
  5 dart slugs
  3 leopard geckos
  11 orcs
  3 giant cockroaches
  6 hobgoblins
  6 jackals
  11 kobolds
  2 quokkas (D:3)
  5 ball pythons
  5 bats
  7 frilled lizards
  6 goblins
  2 jackal skeletons
  14 rats
120 creatures vanquished.

Vanquished Creatures (others)
  3 plants (D:3)
3 creatures vanquished.

Grand Total: 123 creatures vanquished

Notes
Turn   | Place    | Note
-------+----------+-------------------------------------------
     0 | D:1      | Irenicus the Deep Dwarf Earth Elementalist began the quest
                  | for the Orb.
     0 | D:1      | Reached XP level 1. HP: 15/15 MP: 3/3
   286 | D:1      | Reached XP level 2. HP: 17/22 MP: 1/4
   323 | D:1      | Learned a level 2 spell: Passwall
   395 | D:1      | Reached skill level 5 in Earth Magic
   531 | D:2      | Found a shimmering blue altar of Sif Muna.
   606 | D:2      | Reached XP level 3. HP: 21/28 MP: 2/5
   690 | D:2      | Noticed Jessica
   691 | D:2      | Killed Jessica
   691 | D:2      | Reached skill level 6 in Earth Magic
   732 | D:2      | Reached XP level 4. HP: 25/36 MP: 1/6
   740 | D:2      | Noticed Terence
   789 | D:2      | Noticed Sigmund
   794 | D:2      | Killed Sigmund
   794 | D:2      | Reached skill level 8 in Earth Magic
   794 | D:2      | Reached XP level 5. HP: 25/42 MP: 0/7
   847 | D:2      | Found an ancient bone altar of Kikubaaqudgha.
   943 | D:2      | Found an iron altar of Okawaru.
  1077 | D:2      | Killed Terence
  1077 | D:2      | Reached skill level 9 in Earth Magic
  1077 | D:2      | Reached XP level 6. HP: 29/49 MP: 3/8
  1402 | D:3      | Found a glowing drain.
  1421 | Sewer    | Entered a sewer
  1438 | Sewer    | Noticed Purgy
  1460 | Sewer    | Killed Purgy
  1531 | Sewer    | Reached skill level 10 in Earth Magic
  1779 | D:4      | Reached XP level 7. HP: 23/55 MP: 0/9
  1893 | D:4      | Found a shimmering blue altar of Sif Muna.
  1904 | D:4      | Reached skill level 11 in Earth Magic
  1910 | D:4      | Identified Sif Muna's Handbook of Malediction
  1939 | D:4      | Found a staircase to the Ecumenical Temple.
  1945 | Temple   | Entered the Ecumenical Temple
  1981 | Temple   | Became a worshipper of Makhleb the Destroyer
  2066 | D:4      | Found a glowing golden altar of the Shining One.
  2155 | D:4      | Learned a level 5 spell: Lee's Rapid Deconstruction
  2193 | D:4      | Found a sparkling altar of Nemelex Xobeh.
  2254 | D:5      | Entered Level 5 of the Dungeon
  2344 | D:5      | Noticed Blork the orc
  2353 | D:5      | HP: 8/55 [centaur/arrow (9)]
  2359 | D:5      | Reached skill level 12 in Earth Magic
  2362 | D:5      | Killed Blork the orc
  2377 | D:5      | Reached XP level 8. HP: 35/62 MP: 5/10
  2382 | D:5      | Found a hazy altar of Hepliaklqana.
  2441 | D:5      | HP: 13/62 [gnoll/+0 halberd (8)]
  2449 | D:5      | HP: 11/62 [worker ant (2)]
  2635 | D:5      | Reached skill level 1 in Evocations
  2690 | D:5      | Reached skill level 13 in Earth Magic
  2690 | D:5      | Reached skill level 2 in Evocations
  2694 | D:5      | Found a transporter.
  2707 | D:5      | HP: 15/62 [electric eel/bolt of electricity (10)]
  2708 | D:5      | HP: 6/62 [electric eel/bolt of electricity (9)]
  2708 | D:5      | Killed from afar by an electric eel

Illustrated notes

Levels and vault maps discovered:
D:1:      dpeg_arrival_snail, layout_basic
D:2:      minmay_spotlight, layout_basic, nicolae_overflow_crystal_walls,
          lemuel_doored_altar, lemuel_round_altar, minmay_distorted,
          uniq_sigmund, uniq_terence, uniq_jessica
D:3:      cheibrodos_old_hovel, layout_loops_ring, portal_sewer_entry_c,
          minmay_goblin_kobold_house
D:4:      layout_rooms, tso_altar, lemuel_round_altar, temple_green,
          led_sif_book
D:5:      gammafunk_steamed_eel, layout_basic, lemuel_crystal_altar,
          serial_shops, kennysheep_mini, bh_walls_and_bars, uniq_blork_the_orc
Temple:   dpeg_chambers_temple

Skill      XL: |  1  2  3  4  5  6  7  8 |
---------------+-------------------------+-----
Earth Magic    | 5 6 8 9 10 12 13 | 13.0
Evocations     | 2 |  2.3
Dodging        | |  2.1
Stealth        | |  2.4
Spellcasting   | |  1.7
Transmutations | |  0.8

Action                   |  1- 3 |  4- 6 |  7- 9 || total
-------------------------+-------+-------+-------++-------
Melee: Dagger            |     3 |    23 |       ||    26
       Short sword       |       |     2 |    18 ||    20
       Staff             |       |       |     5 ||     5
 Cast: Sandblast         |    36 |    68 |    55 ||   159
       Passwall          |     4 |     7 |     6 ||    17
 Abil: Evoke Flight      |       |       |     1 ||     1
       Heal Wounds       |       |       |     1 ||     1
Evoke: Wand              |       |       |    10 ||    10
  Use: Scroll            |       |     3 |     1 ||     4
       Potion            |       |     1 |     2 ||     3
 Stab: Sleeping          |       |     6 |       ||     6
Armor: Robe              |     2 |       |       ||     2
       Leather armour    |       |    34 |    11 ||    45
       Ring mail         |       |       |     8 ||     8
Dodge: Dodged            |     4 |    44 |    24 ||    72

Table legend: (Time is in decaauts)
 A = Elapsed time spent in this place.
 B = Non-inter-level travel time spent in this place.
 C = Inter-level travel time spent in this place.
 D = Time resting spent in this place.
 E = Time spent auto-exploring this place.
 F = Levels seen in this place.
 G = Mean time per level.
                   A        B        C        D        E       F      G
               +--------+--------+--------+--------+--------+-----+--------+
         Total |   2712 |   2686 |     26 |      0 |    109 |   7 |  387.4 |
       Dungeon |   2512 |   2512 |      0 |      0 |    109 |   5 |  502.4 |
        Temple |     63 |     37 |     26 |      0 |      0 |   1 |   63.0 |
         Sewer |    136 |    136 |      0 |      0 |      0 |   1 |  136.0 |
               +--------+--------+--------+--------+--------+-----+--------+

Top non-repeatable levels by time:
     D:2: 579 daAuts
     D:3: 531 daAuts
     D:1: 514 daAuts
     D:5: 453 daAuts
     D:4: 432 daAuts
   Sewer: 136 daAuts
  Temple: 63 daAuts

Table legend:
 A = Kills in this place as a percentage of kills in entire the game.
 B = Kills by you in this place as a percentage of kills by you in the entire game.
 C = Kills by friends in this place as a percentage of kills by friends in the entire game.
 D = Other kills in this place as a percentage of other kills in the entire game.
 E = Experience gained in this place as a percentage of experience gained in the entire game.
 F = Experience gained in this place divided by the number of levels of this place that you have seen.
                   A       B       C       D       E      F
               +-------+-------+-------+-------+-------+----------------------
         Total | 100.0 | 100.0 |   N/A |   N/A | 100.0 | 265.9
       Dungeon |  95.0 |  95.0 |   N/A |   N/A |  91.8 | 341.8
         Sewer |   5.0 |   5.0 |   N/A |   N/A |   8.2 | 152.0
               +-------+-------+-------+-------+-------+----------------------
